 Dungeon Crawl Stone Soup version 0.30-a0-476-g330ca2eb8e (webtiles) character file.

Game seed: 8860789361318982569

2481 kae the Destroyer (level 9, -3/45 HPs)
             Began as a Tengu Fire Elementalist on Dec 21, 2022.
             Killed by an exploding orc (24 damage)
             ... ignited by their inner flame
             ... on level 8 of the Dungeon.
             The game lasted 00:07:14 (7751 turns).

kae the Destroyer (Tengu Fire Elementalist)         Turns: 7751, Time: 00:07:15

Health: -3/45      AC:  4    Str: 10    XL:     9   Next: 51%
Magic:  23/27      EV: 14    Int: 20    God:
Gold:   448        SH:  0    Dex: 15    Spells: 5/18 levels left

rFire   . . .      SeeInvis +    k - +2 dagger (venom)
rCold   . . .      Faith    .    (no shield)
rNeg    . . .      Spirit   .    a - +1 robe
rPois   .          Reflect  .    (helmet restricted)
rElec   .          Harm     .    t - +0 cloak
rCorr   .          Rampage  .    (no gloves)
Will    .....                    (boots unavailable)
Stlth   ++........               g - amulet of regeneration
HPRegen 1.07/turn                W - ring of magical power
MPRegen 0.20/turn                u - ring of Birdsong {Str+2 Slay+5 SInv}

@: flying quickly and evasively, quick
A: beak, talons 3, nimble flight
a: no special abilities


You were on level 8 of the Dungeon.
You visited 2 branches of the dungeon, and saw 9 of its levels.

You collected 448 gold pieces.


Innate Abilities, Weirdness & Mutations

You have a beak for a mouth.
You have claws for feet.
Your magical nature lets you fly swiftly and evasively.


   Skills:
 - Level 2.1 Dodging
 - Level 2.0 Stealth
 + Level 5.4 Spellcasting
 * Level 10.4 Conjurations
 * Level 9.3 Fire Magic


You had 5 spell levels left.
You knew the following spells:

 Your Spells              Type           Power      Damage    Failure   Level
a - Foxfire               Conj/Fire      100%       2x1d9     1%          1
b - Scorch                Fire           84%        2d9       1%          2
c - Inner Flame           Hex/Fire       24%        N/A       4%          3
d - Kindle Blastsparks    Fire/Tloc/Air  34%        2d12      10%         3
e - Flame Wave            Conj/Fire      45%        2d12      1%          4

Your spell library contained the following spells:

 Spells                   Type           Power      Damage    Failure   Level


Inventory:

Hand Weapons
 k - a +2 dagger of venom (weapon)
   (You took it off a kobold on level 1 of the Dungeon)
 v - a +0 short sword
   (You took it off a kobold on level 1 of the Dungeon)
Missiles
 c - 66 stones
 r - a boomerang
 w - a throwing net {=f!f}
 E - a curare-tipped dart {=f}
 F - 9 poisoned darts
Armour
 a - a +1 robe (worn)
 t - a +0 cloak (worn)
   (You found it on level 6 of the Dungeon)
Magical Staves
 d - a staff of air {!a}
   (You found it on level 1 of the Dungeon)
 q - a staff of death {!a}
   (You found it on level 3 of the Dungeon)
Jewellery
 g - an amulet of regeneration (around neck)
   (You found it on level 4 of the Dungeon)
 u - the ring of Birdsong (right hand) {Str+2 Slay+5 SInv}
   (You found it on level 4 of the Dungeon)

   [ring of see invisible]

   Str:       It affects your strength (+2).
   Slay:      It affects your accuracy & damage with ranged weapons and melee
   (+5).
   SInv:      It lets you see invisible.
 C - a ring of protection from cold
   (You found it on level 1 of the Dungeon)
 W - a ring of magical power (left hand)
   (You found it on level 2 of the Dungeon)
Scrolls
 s - 2 scrolls of teleportation {@r4}
 y - a scroll of poison {!r}
 B - a scroll of magic mapping {!r}
Potions
 b - a potion of magic
 e - 3 potions of might {unknown}
 f - 2 potions of berserk rage {!q}
 h - 4 potions of brilliance
 i - a potion of flight
 j - a potion of heal wounds {@q2}
 l - a potion of degeneration {unknown}
 m - 2 potions of mutation {unknown}
 n - a potion of invisibility {unknown}
 o - 2 potions of haste {@q3}
 p - 5 potions of curing {unknown}
 x - a potion of attraction {!q}
 z - a potion of lignification {!q}
 D - a potion of cancellation {unknown}

Dungeon Overview and Level Annotations

Branches:
Dungeon (8/15) Zot: 26896  Temple (1/1) D:5 Zot: 5859
   Lair: D:8-11

Altars:
Ashenzari
Cheibriados
Dithmenos
Elyvilon
Fedhas
Hepliaklqana
Makhleb
Nemelex Xobeh
Okawaru
Qazlal
Ru
Trog
Wu Jian
Yredelemnul
Zin
The Shining One

Annotations:
D:5 3 runed translucent doors, Notanamesir's ghost, novice MiBe

... # ## ...#
.#.##....
...#.ooo.
####....)c..
#....§§...
##..§v§§#
#....@§§#
##....§......
#.##....###.
# ......#
#.......
.........
.........
....##...


You could see a centaur warrior, an orc warrior, an orc priest and an orc
wizard.


Message History

Confirm with . or Enter, or press ? or * to list all spells.
You conjure some foxfire!
The foxfire hits the wyvern. x2
Casting: Foxfire (safe; 1% risk of failure)
Confirm with . or Enter, or press ? or * to list all spells.
Flames lash the wyvern.
The wyvern's fire resistance burns away.
The wyvern barely misses you. The wyvern bites you!
The wyvern closely misses you.
A shadow imp comes into view. 😮 HP[-14] MP[-3]
You take 14 damage, and now have 31/45 hp.
MASSIVE DAMAGE!! (PAUSE)
You lost 3 mp, and now have 23/26 mp.
Casting: Scorch (safe; 1% risk of failure)
Confirm with . or Enter, or press ? or * to list all spells.
Flames lash the wyvern.
The wyvern is burned terribly!
You kill the wyvern!
The shadow imp shouts! 😮 HP[+2] MP[-1]
You regained 2 hp, and now have 33/45 hp.
Casting: Scorch (safe; 1% risk of failure)
Confirm with . or Enter, or press ? or * to list all spells.
You can't see any susceptible monsters within range! (Use Z to cast anyway.) Unknown command.
Casting: Scorch (safe; 1% risk of failure)
Confirm with . or Enter, or press ? or * to list all spells.
You conjure some foxfire!
The foxfire hits the shadow imp.
The foxfire hits the shadow imp but does no damage. 😕 HP[+2] MP[-1]
You regained 2 hp, and now have 35/45 hp.
You lost 1 mp, and now have 21/27 mp.
Casting: Foxfire (safe; 1% risk of failure)
Confirm with . or Enter, or press ? or * to list all spells.
Flames lash the shadow imp.
The shadow imp's fire resistance burns away.
A steam dragon comes into view.
The steam dragon hisses angrily. 😕 HP[+3] MP[-1]
You regained 3 hp, and now have 38/45 hp.
You lost 1 mp, and now have 20/27 mp.
Casting: Scorch (safe; 1% risk of failure)
Confirm with . or Enter, or press ? or * to list all spells.
Flames lash the shadow imp.
The shadow imp is burned terribly!
You kill the shadow imp! 😕 HP[+2] MP[-2]
You regained 2 hp, and now have 40/45 hp.
You lost 2 mp, and now have 18/27 mp.
You fly upwards.
There is a stone staircase leading down here. 😕 HP[+2]
You regained 2 hp, and now have 42/45 hp.
You start resting. 😎 HP[+3] MP[+1]
Your hp is fully restored (45).
You start resting. 😎 MP[+3]
You regained 3 mp, and now have 22/27 mp.
You start resting. 😎 MP[+5]
Your mp is fully restored (27).
There is an escape hatch in the floor here.
There is a stone staircase leading down here.
You fly downwards.
The orc wizard shouts!
The orc shouts!
There is a stone staircase leading up here.
Casting: Scorch (safe; 1% risk of failure)
Confirm with . or Enter, or press ? or * to list all spells.
You conjure some foxfire!
The orc shouts!
The orc priest shouts!
The orc wizard points at you and mumbles some strange words.
You easily resist.
A centaur warrior comes into view.
An orc warrior comes into view. It is wielding a +0 morningstar.
The foxfire hits the orc.
The foxfire hits the orc!
You kill the orc! 😎 MP[-1]
You lost 1 mp, and now have 26/27 mp.
Casting: Foxfire (safe; 1% risk of failure)
Confirm with . or Enter, or press ? or * to list all spells.
Aiming: Inner Flame (dangerous; 4% risk of failure)
Press: ? - help, Dir - move target, f - orc
Aim: an orc, wielding a +1 short sword of electrocution and wearing a +0 scale mail (moderately wounded, chance to affect: 90%)
The orc is filled with an inner flame.
The centaur warrior wields a +0 longbow.
The centaur warrior shoots an arrow.
The arrow closely misses you. 😎 MP[-3]
You lost 3 mp, and now have 23/27 mp.
Casting: Inner Flame (dangerous; 4% risk of failure)
Confirm with . or Enter, or press ? or * to list all spells.
You conjure some foxfire!
The centaur warrior shoots an arrow.
The arrow hits you!!
Ouch! That really hurt!
* * * LOW HITPOINT WARNING * * *
The foxfire hits the orc!
The orc explodes!
The fiery explosion engulfs you!!
Ouch! That really hurt!
You die...

Skill      XL: |  1  2  3  4  5  6  7  8  9 |
---------------+----------------------------+-----
Conjurations   | 2 3 4 6 7 9 10 | 10.4
Fire Magic     | 4 5 6 8 9 |  9.3
Spellcasting   | 3 4 5 |  5.4
Dodging        | |  2.1
Stealth        | |  2.0

Action                   |  1- 3 |  4- 6 |  7- 9 || total
-------------------------+-------+-------+-------++-------
Melee: Short sword       |     1 |       |       ||     1
       Dagger            |     6 |    11 |    18 ||    35
       Peck              |     1 |     3 |     3 ||     7
       Kick              |       |     3 |     4 ||     7
       Punch             |       |     1 |       ||     1
 Cast: Foxfire           |    75 |    92 |    78 ||   245
       Scorch            |     6 |    19 |    45 ||    70
       Inner Flame       |       |     2 |     5 ||     7
       Kindle Blastspark |       |     1 |     3 ||     4
       Flame Wave        |       |       |     2 ||     2
  Use: Scroll            |     2 |     7 |     7 ||    16
       Potion            |       |       |     1 ||     1
 Stab: Sleeping          |       |       |     2 ||     2
Armor: Robe              |     3 |     1 |    19 ||    23
Dodge: Dodged            |    11 |    14 |    53 ||    78

Levels and vault maps discovered:
D:1:      sevenhm_arrival_forest_fort_small_6, layout_loops_corners,
          ebering_ecumenical_altar_mist, minmay_shallow_snake_nest
D:2:      layout_loops_ring, basic_altar
D:3:      layout_loops_ring, old_standard_altar
D:4:      layout_loops_ring, general_overflow_altar
D:5:      layout_basic, nicolae_overflow_crystal_walls,
          minmay_temple_entry_ruins, gammafunk_ghost_nasty_kobolds
D:6:      layout_basic, okawaru_trees_2
D:7:      layout_loops_cross, nicolae_overflow_hidden_temple
D:8:      minmay_gate_of_8, layout_cave_pools,
          grunt_temple_overflow_magic_moments, minmay_fractal_squares_5
Temple:   jpeg_temple_clearing

Notes
Turn   | Place    | Note
-------+----------+-------------------------------------------
     0 | D:1      | kae the Tengu Fire Elementalist began the quest for the
                  | Orb.
     0 | D:1      | Reached XP level 1. HP: 10/10 MP: 4/4
     0 | D:1      | magus.rc [v1.11.3]
   123 | D:1      | Reached skill level 2 in Conjurations
   123 | D:1      | Reached XP level 2. HP: 15/15 MP: 3/6
   463 | D:1      | Found a faded altar of an unknown god.
   687 | D:1      | Learned a level 2 spell: Scorch
   755 | D:1      | Reached XP level 3. HP: 19/19 MP: 5/7
   759 | D:1      | Learned a level 3 spell: Inner Flame
  1130 | D:1      | Reached skill level 4 in Fire Magic
  1477 | D:2      | Reached skill level 3 in Conjurations
  1477 | D:2      | Found a basalt altar of Yredelemnul.
  1964 | D:2      | Reached XP level 4. HP: 24/24 MP: 4/8
  2583 | D:3      | Found a bloodstained altar of Trog.
  2953 | D:3      | Reached skill level 4 in Conjurations
  2953 | D:3      | Gained mutation: Your magical nature lets you fly swiftly
                  | and evasively. [Tengu growth]
  2953 | D:3      | Reached XP level 5. HP: 28/28 MP: 10/10
  3011 | D:3      | Learned a level 3 spell: Kindle Blastsparks
  3492 | D:4      | Reached skill level 5 in Fire Magic
  3606 | D:4      | Reached skill level 3 in Spellcasting
  3606 | D:4      | Reached XP level 6. HP: 32/32 MP: 11/11
  3709 | D:4      | Reached skill level 5 in Conjurations
  3804 | D:4      | Identified the ring of Birdsong {Str+2 Slay+5 SInv}
  3962 | D:4      | Found a glowing silver altar of Zin.
  4202 | D:5      | Entered Level 5 of the Dungeon
  4251 | D:5      | Found a staircase to the Ecumenical Temple.
  4273 | Temple   | Entered the Ecumenical Temple
  4538 | D:5      | Found a runed translucent gate.
  4539 | D:5      | Found a runed translucent gate.
  4539 | D:5      | Noticed Notanamesir's ghost (novice MiBe)
  4552 | D:5      | Found a runed translucent gate.
  4651 | D:5      | Found a basalt altar of Yredelemnul.
  4698 | D:5      | Reached skill level 6 in Conjurations
  4698 | D:5      | Reached skill level 6 in Fire Magic
  4698 | D:5      | Reached XP level 7. HP: 36/36 MP: 13/13
  5595 | D:5      | Learned a level 4 spell: Flame Wave
  5868 | D:6      | HP: 6/36 [water moccasin (4)]
  5870 | D:6      | Reached skill level 7 in Conjurations
  5870 | D:6      | HP: 2/36 [poisoned by a water moccasin]
  5980 | D:6      | Reached XP level 8. HP: 36/41 MP: 14/14
  5991 | D:6      | Reached skill level 4 in Spellcasting
  5991 | D:6      | Reached skill level 7 in Fire Magic
  6083 | D:6      | Reached skill level 8 in Conjurations
  6287 | D:6      | Found an iron altar of Okawaru.
  6429 | D:6      | Reached skill level 8 in Fire Magic
  6430 | D:6      | Reached skill level 9 in Conjurations
  6864 | D:7      | Reached XP level 9. HP: 45/45 MP: 17/17
  7133 | D:7      | Reached skill level 5 in Spellcasting
  7296 | D:7      | Reached skill level 10 in Conjurations
  7298 | D:7      | Reached skill level 9 in Fire Magic
  7620 | D:7      | Found an ornate altar of the Wu Jian Council.
  7747 | D:8      | Noticed a centaur warrior
  7751 | D:8      | Killed by an exploding orc... ignited by their inner flame

Vanquished Creatures
  2 wyverns
  2 water moccasins
  2 orc warriors
  An ice beast (D:5)
  A sky beast (D:6)
  2 centaurs
  2 ogres
  A kobold brigand (D:7)
  3 bullfrogs
  3 scorpions
  A necrophage (D:4)
  A howler monkey (D:6)
  An orc priest (D:6)
  A hound (D:5)
  6 iguanas
  9 orc wizards
  12 adders
  3 gnolls (D:5)
  3 shadow imps
  A white imp (D:5)
  2 ufetubi
  A worm (D:3)
  3 dart slugs
  23 orcs
  8 ball pythons
  9 bats
  5 endoplasms
  A giant cockroach (D:1)
  5 goblins
  12 hobgoblins
  16 kobolds
  2 quokkas
  3 frilled lizards
  6 rats
153 creatures vanquished.

Vanquished Creatures (others)
  390 foxfires
  A plant (D:1)
391 creatures vanquished.

Grand Total: 544 creatures vanquished

Table legend:
 A = Non-vault XP
 B = Vault XP
 C = Vault XP percentage of total XP
 D = Non-vault monster count
 E = Vault monster count
 F = Vault count percentage of total count
                 A         B        C        D         E       F
            +---------+---------+-------+---------+---------+-------
      Total |    3547 |       1 |   0.0 |     152 |       1 |   0.7
            +---------+---------+-------+---------+---------+-------
        D:1 |      52 |       1 |   1.9 |      33 |       1 |   2.9
        D:2 |      53 |       0 |   0.0 |      16 |       0 |   0.0
        D:3 |      80 |       0 |   0.0 |      20 |       0 |   0.0
        D:4 |     198 |       0 |   0.0 |      15 |       0 |   0.0
        D:5 |     530 |       0 |   0.0 |      14 |       0 |   0.0
        D:6 |    1271 |       0 |   0.0 |      25 |       0 |   0.0
        D:7 |    1145 |       0 |   0.0 |      25 |       0 |   0.0
        D:8 |     218 |       0 |   0.0 |       4 |       0 |   0.0
            +---------+---------+-------+---------+---------+-------

Illustrated notes

Table legend:
 A = Kills in this place as a percentage of kills in entire the game.
 B = Kills by you in this place as a percentage of kills by you in the entire game.
 C = Kills by friends in this place as a percentage of kills by friends in the entire game.
 D = Other kills in this place as a percentage of other kills in the entire game.
 E = Experience gained in this place as a percentage of experience gained in the entire game.
 F = Experience gained in this place divided by the number of levels of this place that you have seen.
                   A       B       C       D       E      F
               +-------+-------+-------+-------+-------+----------------------
         Total | 100.0 | 100.0 |   N/A |   N/A | 100.0 | 394.2
       Dungeon | 100.0 | 100.0 |   N/A |   N/A | 100.0 | 443.5
               +-------+-------+-------+-------+-------+----------------------

Table legend: (Time is in decaauts)
 A = Elapsed time spent in this place.
 B = Non-inter-level travel time spent in this place.
 C = Inter-level travel time spent in this place.
 D = Time resting spent in this place.
 E = Time spent auto-exploring this place.
 F = Levels seen in this place.
 G = Mean time per level.
                   A        B        C        D        E       F      G
               +--------+--------+--------+--------+--------+-----+--------+
         Total |   7440 |   7198 |    242 |    232 |   5913 |   9 |  826.7 |
       Dungeon |   7300 |   7075 |    225 |    232 |   5800 |   8 |  912.5 |
        Temple |    140 |    123 |     17 |      0 |    113 |   1 |  140.0 |
               +--------+--------+--------+--------+--------+-----+--------+

Top non-repeatable levels by time:
     D:1: 1471 daAuts
     D:5: 1377 daAuts
     D:3: 969 daAuts
     D:7: 943 daAuts
     D:4: 846 daAuts
     D:6: 838 daAuts
     D:2: 836 daAuts
  Temple: 140 daAuts
     D:8: 18 daAuts
